details: 'hideminimapsignals'

« prev index next »

General information

Mini Map

Players

team 1
Human|c00000000||||| (blue | 31 APM | 66 actions | 02:06)

» actions
Build / train13
Enter build submenu5
Right click24
Select / deselect20
Use ability4
66 total
» units
Peasant12
12 total
» buildings
Altar of Kings1
Farm1
Blacksmith1
Barracks1
4 total
» build order
00:26 Altar of Kings
00:32 Farm
01:26 Blacksmith
01:30 Barracks
OrcLangan (red | 15 APM | 81 actions | 05:14)
Hero icon 1 Blademaster
Ability icon 1 Wind Walk

» actions
Basic commands3
Build / train11
Enter build submenu5
Enter hero's abilities submenu1
Remove unit from queue1
Right click21
Select / deselect33
Use ability6
81 total
» units
Peon3
Grunt5
8 total
» buildings
Altar of Storms2
Orc Burrow2
Barracks1
Stronghold1
6 total
» build order
00:07 Altar of Storms
00:09 Orc Burrow
00:18 Orc Burrow
00:25 Altar of Storms
01:02 Barracks
03:36 Stronghold
Random» HumanWhitePeopleSuck (yellow | 15 APM | 148 actions | 09:54)

» actions
Basic commands2
Build / train3
Enter build submenu3
Right click108
Select / deselect25
Use ability7
148 total
» units
Peasant3
3 total
» buildings
Altar of Kings1
Farm2
3 total
» build order
00:11 Altar of Kings
00:39 Farm
01:22 Farm
HumanILIKETOPING! (orange | 16 APM | 162 actions | 09:54)

» actions
Assign group hotkey2
Basic commands58
Right click67
Select / deselect31
Use ability4
162 total
team 2
HumanTitaniumGorilla (green | 58 APM | 577 actions | 09:54)
Hero icon 4 Paladin
Ability icon 2 Holy Light
Ability icon 2 Devotion Aura

» actions
Assign group hotkey12
Basic commands9
Build / train35
Enter build submenu18
Enter hero's abilities submenu4
Give item / drop item3
Right click213
Select / deselect128
Select group hotkey125
Use ability30
577 total
» units
Peasant8
Footman7
Gryphon Rider2
17 total
» upgrades
Lumber Harvesting1
Armor2
Swords2
5 total
» buildings
Altar of Kings1
Farm9
Barracks1
Lumber Mill1
Keep2
Arcane Vault1
Blacksmith1
Castle1
Gryphon Aviary2
19 total
» build order
00:08 Altar of Kings
00:10 Farm
00:54 Barracks
00:59 Lumber Mill
01:11 Farm
01:55 Farm
02:35 Farm
02:43 Keep
02:43 Keep
03:23 Arcane Vault
03:56 Blacksmith
05:28 Castle
05:34 Gryphon Aviary
05:37 Gryphon Aviary
05:48 Farm
05:52 Farm
08:02 Farm
08:03 Farm
08:04 Farm
» items
Scroll of Regeneration1
Lesser Clarity Potion1
Circlet of Nobility1
Boots of Speed1
4 total
Humanclxhtm (purple | 49 APM | 483 actions | 09:54)
Hero icon 4 Archmage
Ability icon 2 Summon Water Elemental
Ability icon 2 Brilliance Aura
Hero icon 1 Mountain King
Ability icon 1 Storm Bolt

» actions
Assign group hotkey3
Basic commands37
Build / train43
Enter build submenu21
Enter hero's abilities submenu5
Right click81
Select / deselect145
Select group hotkey121
Use ability27
483 total
» units
Peasant15
Footman10
Mortar Team1
26 total
» upgrades
Masonry2
Lumber Harvesting1
Flare1
4 total
» buildings
Altar of Kings1
Farm9
Barracks1
Lumber Mill1
Town Hall1
Scout Tower2
Guard Tower1
Arcane Tower1
Keep1
Blacksmith1
Workshop3
Castle1
23 total
» build order
00:08 Altar of Kings
00:12 Farm
00:36 Barracks
00:56 Farm
01:24 Lumber Mill
01:40 Farm
02:45 Farm
03:57 Town Hall
04:02 Scout Tower
04:33 Scout Tower
04:47 Guard Tower
05:01 Arcane Tower
05:02 Farm
05:25 Keep
05:59 Farm
06:24 Blacksmith
06:40 Farm
07:23 Farm
07:47 Workshop
07:48 Workshop
07:55 Workshop
08:05 Farm
09:07 Castle
Random» OrcRebbats (pink | 43 APM | 430 actions | 09:54)
Hero icon 2 Blademaster
Ability icon 1 Wind Walk
Ability icon 1 Critical Strike
Hero icon 1 Shadow Hunter
Ability icon 1 Hex

» actions
Assign group hotkey11
Basic commands72
Build / train23
Enter build submenu13
Enter hero's abilities submenu3
Right click186
Select / deselect96
Select group hotkey11
Use ability15
430 total
» units
Peon7
Wind Rider5
12 total
» upgrades
Ranged Weapons2
2 total
» buildings
Altar of Storms1
Orc Burrow5
War Mill1
Stronghold3
Beastiary3
Voodoo Lounge1
14 total
» build order
00:06 Altar of Storms
00:16 Orc Burrow
00:52 War Mill
02:05 Stronghold
03:05 Orc Burrow
03:06 Orc Burrow
04:27 Beastiary
04:30 Beastiary
04:38 Beastiary
05:20 Voodoo Lounge
05:23 Orc Burrow
07:44 Orc Burrow
Humanangrywinds (teal | 41 APM | 403 actions | 09:54)
Hero icon 1 Paladin
Ability icon 1 Holy Light
Hero icon 1 Beastmaster
Ability icon 1 Summon Quilbeast

» actions
Basic commands28
Build / train36
Enter build submenu15
Enter hero's abilities submenu2
Right click142
Select / deselect148
Use ability32
403 total
» units
Peasant12
Footman6
Rifleman6
24 total
» upgrades
Defend1
1 total
» buildings
Altar of Kings1
Barracks2
Farm5
Scout Tower2
Lumber Mill1
Guard Tower2
Blacksmith1
Keep1
Workshop2
17 total
» build order
00:17 Altar of Kings
00:27 Barracks
00:34 Farm
00:50 Scout Tower
01:13 Lumber Mill
01:42 Farm
02:11 Guard Tower
02:32 Farm
03:14 Blacksmith
04:31 Keep
04:35 Scout Tower
05:01 Farm
05:21 Guard Tower
05:25 Barracks
06:55 Workshop
07:19 Farm
07:22 Workshop
» items
Healing Salve1
1 total

Chat log

(00:21 / Allies) WhitePeopleSuck: lol
(00:21 / All) |c00000000|||||: .hideminimapsingals
(00:49 / Allies) Langan: hideminimapsignals
(01:05 / Allies) WhitePeopleSuck: hideminimapsignals
(01:21 / Allies) |c00000000|||||: type /hideminimapsignals
(01:52 / Allies) WhitePeopleSuck: ;
(01:56 / Allies) |c00000000|||||: he has no life its okay
(02:01 / Allies) |c00000000|||||: prob no job
(02:03 / Allies) |c00000000|||||: doesnt matter
(02:03 / Allies) WhitePeopleSuck: yeah
(02:12 / Allies) WhitePeopleSuck: i feel bad for u oj
(02:27 / All) angrywinds: good one lol
(02:55 / All) Langan: get em rebbats!
(03:15 / All) Langan: attack the town hall im comin to help!
(03:21 / All) ILIKETOPING!: yellow has latency hack
(03:34 / All) WhitePeopleSuck: ??
(03:41 / All) ILIKETOPING!: yellow has latency hack
(03:58 / All) WhitePeopleSuck: oj is prob a player i rekt hard
(04:08 / All) WhitePeopleSuck: in another game
(04:15 / All) WhitePeopleSuck: still butthurt
(04:26 / All) Langan: no teal comeback help me destroy the base
(04:32 / All) ILIKETOPING!: whatever helps you sleep at night with your latency hack
(04:50 / All) WhitePeopleSuck: wtf is latency hack lmao
(05:08 / All) WhitePeopleSuck: are u high
(05:12 / All) WhitePeopleSuck: oj?
(05:22 / All) ILIKETOPING!: yeah just smoke a blunt wtih your mom
(05:28 / All) ILIKETOPING!: then we banged
(05:38 / All) WhitePeopleSuck: are u mad?
(05:42 / All) ILIKETOPING!: Are u
(05:43 / All) WhitePeopleSuck: its ok oj
(05:52 / All) WhitePeopleSuck: i like to rek u
(05:54 / All) WhitePeopleSuck: hard
(06:00 / All) WhitePeopleSuck: with anal beads
(06:01 / All) ILIKETOPING!: I like to PING!
(06:21 / All) WhitePeopleSuck: still mad LOL oj sad
(06:33 / All) ILIKETOPING!: UR SO VAIN
(06:40 / All) ILIKETOPING!: U PROBABLY THINK THIS PINGING IS ABOUT YOU
(06:40 / All) Rebbats: i'm sure he isn't mad
(06:41 / All) ILIKETOPING!: DONT
(06:42 / All) ILIKETOPING!: YOU
(06:43 / All) ILIKETOPING!: DOnt
(06:43 / All) ILIKETOPING!: YO
(06:53 / All) WhitePeopleSuck: oj
(06:59 / All) WhitePeopleSuck: u need help?
(07:02 / All) ILIKETOPING!: YEAH
(07:04 / All) ILIKETOPING!: HELP ME PING
(07:28 / All) WhitePeopleSuck: no i latency hack remember?
(07:34 / All) ILIKETOPING!: YAH SO YOU CAN PING FAST
(07:41 / All) WhitePeopleSuck: heher
(07:50 / All) WhitePeopleSuck: oj ur suck
(07:56 / All) ILIKETOPING!: what about it
(08:06 / All) WhitePeopleSuck: u suck at life
(08:12 / All) ILIKETOPING!: agree to disagree
(08:13 / All) WhitePeopleSuck: it amuses me
(08:17 / All) ILIKETOPING!: I bang super models every 2 week
(08:25 / All) WhitePeopleSuck: on,ly?
(08:30 / All) WhitePeopleSuck: thats sad?
(08:31 / All) ILIKETOPING!: 3some every 3 week
(08:46 / All) ILIKETOPING!: 4some with ur mom and sisters every month
(08:52 / All) WhitePeopleSuck: ur sister dont count LOOL
(08:59 / All) ILIKETOPING!: urs do
(09:07 / All) WhitePeopleSuck: do0nt have
(09:11 / All) WhitePeopleSuck: son
(09:13 / All) ILIKETOPING!: u got several
(09:17 / All) ILIKETOPING!: i should know Im banging them
(09:31 / All) WhitePeopleSuck: but what if ur delusionnal?
(09:45 / All) ILIKETOPING!: 100% true facts
(09:50 / All) WhitePeopleSuck: what if its actually ur mom?